BSA
FRESNO DEPLORABLES @ POCATELLO BOCCABELLAS
04/08/2027
 
TOP OF THE 1ST
Fresno Deplorables batting - Pitching for Pocatello Boccabellas : LHP Rod Adams
Pitching: LHP Rod Adams
Batting: RHB Dani Vázquez 0-0: Ball
1-0: Ball
2-0: Called Strike
2-1: DOUBLE (Line Drive, 7LD)
Batting: LHB Paul Mullins 0-0: Called Strike
0-1: Ball
1-1: Ball
2-1: Swinging Strike
2-2: Strikes out swinging
Batting: RHB Paco Arellano 0-0: Called Strike
0-1: Called Strike
0-2: Ground out 4-3 (Groundball, 4)
Dani Vázquez to third
Batting: LHB Jeff Daniels 0-0: Ball
1-0: Ball
2-0: Swinging Strike
2-1: Foul Ball, location: 2F
2-2: Foul Ball, location: 2F
2-2: Ball
3-2: Strikes out looking
Top of the 1st over - 0 run(s), 1 hit(s), 0 error(s), 1 left on base; Fresno 0 - Pocatello 0
BOTTOM OF THE 1ST
Pocatello Boccabellas batting - Pitching for Fresno Deplorables : LHP Allan Bader
Pitching: LHP Allan Bader
Batting: RHB José Delgado 0-0: Ball
1-0: Fly out, F8 (Flyball, 8RD)
Batting: LHB Jim Jensen 0-0: Ball
1-0: Called Strike
1-1: Swinging Strike
1-2: Ball
2-2: Strikes out swinging, 2-3 out at first.
Batting: RHB Marlon Phipps 0-0: Called Strike
0-1: Ball
1-1: Called Strike
1-2: SINGLE (Groundball, 34S) (infield hit)
Batting: LHB Juan Cortés 0-0: 2-RUN HOME RUN (Flyball, 89XD), Distance : 454 ft
Batting: RHB Francisco Sandoval 0-0: Ball
1-0: Called Strike
1-1: Called Strike
1-2: Strikes out swinging
Bottom of the 1st over - 2 run(s), 2 hit(s), 0 error(s), 0 left on base; Fresno 0 - Pocatello 2
TOP OF THE 2ND
Fresno Deplorables batting - Pitching for Pocatello Boccabellas : LHP Rod Adams
Batting: RHB Manolo Román 0-0: Ball
1-0: Swinging Strike
1-1: Called Strike
1-2: Ball
2-2: Strikes out swinging
Batting: LHB Keith Beard 0-0: Ball
1-0: Foul Ball, location: 2F
1-1: Foul Ball, location: 2F
1-2: Foul Ball, location: 2F
1-2: Ground out 6-3 (Groundball, 6M)
Batting: RHB Aaron Scott 0-0: Ball
1-0: Foul Ball, location: 2F
1-1: Ball
2-1: Called Strike
2-2: Ball
3-2: Foul Ball, location: 2F
3-2: SINGLE (Groundball, 6S) (infield hit)
Batting: LHB Tom Blake 0-0: Ball
1-0: Fielders Choice at 2nd, 4-6 (Groundball, 34D)
Top of the 2nd over - 0 run(s), 1 hit(s), 0 error(s), 0 left on base; Fresno 0 - Pocatello 2
BOTTOM OF THE 2ND
Pocatello Boccabellas batting - Pitching for Fresno Deplorables : LHP Allan Bader
Batting: LHB Vicente Bueno 0-0: Ball
1-0: SINGLE (Groundball, 34D)
Batting: RHB Jeremy Carr 0-0: Foul Ball, location: 2F
0-1: Ball
1-1: Foul Ball, location: 2F
1-2: Fly out, F3 (Popup, 3S)
Batting: RHB Pedro Guzmán 0-0: Ball
1-0: Foul Ball, location: 2F
1-1: Ball
2-1: Called Strike
2-2: Fly out, F8 (Flyball, 8LD)
Batting: SHB Guillermo Ortíz 0-0: Ball
1-0: Ball
2-0: Foul Ball, location: 2F
2-1: Swinging Strike
2-2: Fly out, F8 (Flyball, 8LD)
Bottom of the 2nd over - 0 run(s), 1 hit(s), 0 error(s), 1 left on base; Fresno 0 - Pocatello 2
TOP OF THE 3RD
Fresno Deplorables batting - Pitching for Pocatello Boccabellas : LHP Rod Adams
Batting: RHB Germán Rosales 0-0: Swinging Strike
0-1: Ball
1-1: DOUBLE (Flyball, 8LXD)
Batting: RHB Dani Vázquez 0-0: Ball
1-0: Called Strike
1-1: Ball
2-1: Ground out 1-3 (Groundball, 13S)
Germán Rosales to third
Batting: LHB Paul Mullins 0-0: Foul Ball, location: 2F
0-1: Ball
1-1: 2-RUN HOME RUN (Flyball, 89XD), Distance : 456 ft
Batting: RHB Paco Arellano 0-0: Swinging Strike
0-1: SINGLE (Line Drive, 34D)
Batting: LHB Jeff Daniels 0-0: Ball
Wild Pitch!
Paco Arellano to second
1-0: 2-RUN HOME RUN (Flyball, 9D), Distance : 418 ft
Batting: RHB Manolo Román 0-0: Ball
1-0: Swinging Strike
1-1: Foul Ball, location: 2F
1-2: Fly out, F8 (Flyball, 8LM)
Batting: LHB Keith Beard 0-0: Called Strike
0-1: Ball
1-1: Ground out 4-3 (Groundball, 34)
Top of the 3rd over - 4 run(s), 4 hit(s), 0 error(s), 0 left on base; Fresno 4 - Pocatello 2
BOTTOM OF THE 3RD
Pocatello Boccabellas batting - Pitching for Fresno Deplorables : LHP Allan Bader
Batting: RHB José Delgado 0-0: Foul Ball, location: 2F
0-1: Called Strike
0-2: Ball
1-2: Foul Ball, location: 2F
1-2: Ground out 6-3 (Groundball, 6)
Batting: LHB Jim Jensen 0-0: Ball
1-0: Ground out 4-3 (Groundball, 4M)
Batting: RHB Marlon Phipps 0-0: Foul Ball, location: 2F
0-1: Foul Ball, location: 2F
0-2: Fly out, F7 (Line Drive, 7D)
Bottom of the 3rd over - 0 run(s), 0 hit(s), 0 error(s), 0 left on base; Fresno 4 - Pocatello 2
TOP OF THE 4TH
Fresno Deplorables batting - Pitching for Pocatello Boccabellas : LHP Rod Adams
Batting: RHB Aaron Scott 0-0: Called Strike
0-1: Called Strike
0-2: Strikes out looking
Batting: LHB Tom Blake 0-0: Ball
1-0: Called Strike
1-1: Ground out 3-1 (Groundball, 23)
Batting: RHB Germán Rosales 0-0: Ball
1-0: Fly out, F4 (Popup, 4S)
Top of the 4th over - 0 run(s), 0 hit(s), 0 error(s), 0 left on base; Fresno 4 - Pocatello 2
BOTTOM OF THE 4TH
Pocatello Boccabellas batting - Pitching for Fresno Deplorables : LHP Allan Bader
Batting: LHB Juan Cortés 0-0: Ball
1-0: Called Strike
1-1: Ball
2-1: SINGLE (Groundball, 34D)
Batting: RHB Francisco Sandoval 0-0: DOUBLE (Line Drive, 78S)
Juan Cortés to third
Batting: LHB Vicente Bueno 0-0: Ball
1-0: Foul Ball, location: 2F
1-1: Foul Ball, location: 2F
1-2: Strikes out looking
Batting: RHB Jeremy Carr 0-0: Ball
1-0: Swinging Strike
1-1: Swinging Strike
1-2: Foul Ball, location: 2F
1-2: Ball
2-2: Strikes out swinging
Batting: RHB Pedro Guzmán 0-0: Ball
1-0: Ball
2-0: Called Strike
2-1: Swinging Strike
2-2: DOUBLE (Flyball, 89D)
Juan Cortés scores
Francisco Sandoval scores
Batting: SHB Guillermo Ortíz 0-0: Called Strike
0-1: SINGLE (Groundball, 6MD)
Pedro Guzmán to third
Runner from 3rd tries for Home, SAFE, no throw
Batting: RHB José Delgado 0-0: Ball
1-0: Ball
2-0: Ball
3-0: Called Strike
3-1: Foul Ball, location: 2F
3-2: Foul Ball, location: 2F
3-2: Foul Ball, location: 2F
3-2: Base on Balls
Guillermo Ortíz to second
Batting: LHB Jim Jensen 0-0: Called Strike
0-1: Called Strike
0-2: Ball
1-2: SINGLE (Groundball, 3D)
Guillermo Ortíz to third
José Delgado to second
Runner from 3rd tries for Home, SAFE, throw made home
Batting: RHB Marlon Phipps 0-0: Called Strike
0-1: Ball
1-1: Fly out, F6 (Line Drive, 6M)
Bottom of the 4th over - 4 run(s), 5 hit(s), 0 error(s), 2 left on base; Fresno 4 - Pocatello 6
TOP OF THE 5TH
Fresno Deplorables batting - Pitching for Pocatello Boccabellas : LHP Rod Adams
Batting: RHB Dani Vázquez 0-0: Ball
1-0: Ball
2-0: Ground out 5-3 (Groundball, 5)
Batting: LHB Paul Mullins 0-0: Ball
1-0: Ball
2-0: Ball
3-0: Base on Balls
Batting: RHB Paco Arellano 0-0: Fly out, F9 (Flyball, 9S)
Batting: LHB Jeff Daniels 0-0: Foul Ball, location: 2F
0-1: Ball
1-1: Called Strike
1-2: Ball
2-2: Ground out 3-1 (Groundball, 34)
Top of the 5th over - 0 run(s), 0 hit(s), 0 error(s), 1 left on base; Fresno 4 - Pocatello 6
BOTTOM OF THE 5TH
Pocatello Boccabellas batting - Pitching for Fresno Deplorables : LHP Allan Bader
Pitching: RHP Ron Biller
Batting: LHB Juan Cortés 0-0: Called Strike
0-1: Fly out, F5 (Popup, 56)
Batting: RHB Francisco Sandoval 0-0: Foul Ball, location: 2F
0-1: Ball
1-1: Ball
2-1: Called Strike
2-2: Strikes out swinging
Batting: LHB Vicente Bueno 0-0: Ball
1-0: Foul Ball, location: 2F
1-1: Foul Ball, location: 2F
1-2: Fly out, F5 (Popup, 56)
Bottom of the 5th over - 0 run(s), 0 hit(s), 0 error(s), 0 left on base; Fresno 4 - Pocatello 6
TOP OF THE 6TH
Fresno Deplorables batting - Pitching for Pocatello Boccabellas : LHP Rod Adams
Batting: RHB Manolo Román 0-0: Ball
1-0: Swinging Strike
1-1: Ball
2-1: Foul Ball, location: 2F
2-2: Ball
3-2: Ground out 6-3 (Groundball, 6M)
Batting: LHB Keith Beard 0-0: Ball
1-0: Swinging Strike
1-1: SINGLE (Line Drive, 4M)
Batting: RHB Aaron Scott 0-0: Called Strike
0-1: Called Strike
0-2: Ball
1-2: Ball
2-2: Foul Ball, location: 2F
2-2: Fly out, F8 (Flyball, 78M)
Batting: LHB Tom Blake 0-0: Ball
1-0: Called Strike
1-1: Foul Ball, location: 2F
1-2: Strikes out swinging
Top of the 6th over - 0 run(s), 1 hit(s), 0 error(s), 1 left on base; Fresno 4 - Pocatello 6
BOTTOM OF THE 6TH
Pocatello Boccabellas batting - Pitching for Fresno Deplorables : RHP Ron Biller
Batting: RHB Jeremy Carr 0-0: Foul Ball, location: 2F
0-1: Ball
1-1: Ball
2-1: Ball
3-1: Base on Balls
Batting: RHB Pedro Guzmán 0-0: Ball
1-0: Grounds into double play, 6-4-3 (Groundball, 6)
Batting: SHB Guillermo Ortíz 0-0: Called Strike
0-1: Ground out 4-3 (Groundball, 4)
Bottom of the 6th over - 0 run(s), 0 hit(s), 0 error(s), 0 left on base; Fresno 4 - Pocatello 6
TOP OF THE 7TH
Fresno Deplorables batting - Pitching for Pocatello Boccabellas : LHP Rod Adams
Pitching: RHP Mike Pierce
Batting: RHB Germán Rosales 0-0: Ball
1-0: Ball
2-0: Swinging Strike
2-1: Swinging Strike
2-2: SINGLE (Flyball, 89S)
Batting: RHB Dani Vázquez 0-0: Called Strike
0-1: Bunted foul
0-2: Foul Ball, location: 2F
0-2: Ball
1-2: Ball
2-2: Ball
3-2: Foul Ball, location: 2F
3-2: Foul Ball, location: 2F
3-2: Foul Ball, location: 2F
3-2: Grounds into double play, 5-4-3 (Groundball, 56)
Batting: LHB Paul Mullins 0-0: Called Strike
0-1: Foul Ball, location: 2F
0-2: Ball
1-2: Ball
2-2: Ball
3-2: Ground out 4-3 (Groundball, 4)
Top of the 7th over - 0 run(s), 1 hit(s), 0 error(s), 0 left on base; Fresno 4 - Pocatello 6
BOTTOM OF THE 7TH
Pocatello Boccabellas batting - Pitching for Fresno Deplorables : RHP Ron Biller
Batting: RHB José Delgado 0-0: Ball
1-0: Called Strike
1-1: Foul Ball, location: 2F
1-2: Foul Ball, location: 2F
1-2: Ball
2-2: Ball
3-2: Fly out, F7 (Flyball, 78D)
Batting: LHB Jim Jensen 0-0: Ground out 4-3 (Groundball, 4)
Batting: RHB Marlon Phipps 0-0: Foul Ball, location: 2F
0-1: Called Strike
0-2: Foul Ball, location: 2F
0-2: Strikes out swinging
Bottom of the 7th over - 0 run(s), 0 hit(s), 0 error(s), 0 left on base; Fresno 4 - Pocatello 6
TOP OF THE 8TH
Fresno Deplorables batting - Pitching for Pocatello Boccabellas : RHP Mike Pierce
Batting: RHB Paco Arellano 0-0: Ball
1-0: Foul Ball, location: 2F
1-1: Foul Ball, location: 2F
1-2: Foul Ball, location: 2F
1-2: SOLO HOME RUN (Flyball, 9LD), Distance : 387 ft
Pitching: LHP Mark Murchison
Batting: LHB Jeff Daniels 0-0: Ball
1-0: Foul Ball, location: 2F
1-1: Ground out 4-3 (Groundball, 4)
Pitching: RHP Jaime Espinoza
Batting: RHB Manolo Román 0-0: Called Strike
0-1: Swinging Strike
0-2: Fly out, F8 (Flyball, 78S)
Batting: LHB Keith Beard 0-0: Ground out 4-3 (Groundball, 4)
Top of the 8th over - 1 run(s), 1 hit(s), 0 error(s), 0 left on base; Fresno 5 - Pocatello 6
BOTTOM OF THE 8TH
Pocatello Boccabellas batting - Pitching for Fresno Deplorables : RHP Ron Biller
Pitching: LHP Juan Ortíz
Batting: LHB Juan Cortés 0-0: Called Strike
0-1: Ball
1-1: Hit by Pitch
Batting: RHB Francisco Sandoval 0-0: Foul Ball, location: 2F
0-1: Foul Ball, location: 2F
0-2: Fly out, F8 (Flyball, 8LM)
Pitching: LHP Valentín Reséndez
Pinch Hitting: RHB Jackson Gibson 0-0: Called Strike
0-1: Ball
1-1: Ground out 5-3 (Groundball, 5)
Juan Cortés to second
Batting: RHB Jeremy Carr 0-0: Called Strike
0-1: Called Strike
0-2: Ball
1-2: Strikes out swinging
Bottom of the 8th over - 0 run(s), 0 hit(s), 0 error(s), 1 left on base; Fresno 5 - Pocatello 6
TOP OF THE 9TH
Fresno Deplorables batting - Pitching for Pocatello Boccabellas : RHP Jaime Espinoza
Pitching: RHP Adrián Martínez
Now at 1B: Chris Parker
Now in CF: Jackson Gibson
Batting: RHB Aaron Scott 0-0: Ball
1-0: Foul Ball, location: 2F
1-1: Swinging Strike
1-2: Foul Ball, location: 2F
1-2: Strikes out looking
Batting: LHB Tom Blake 0-0: Called Strike
0-1: Ball
1-1: Fly out, F6 (Popup, 6)
Batting: RHB Germán Rosales 0-0: Called Strike
0-1: Foul Ball, location: 2F
0-2: Strikes out swinging
Top of the 9th over - 0 run(s), 0 hit(s), 0 error(s), 0 left on base; Fresno 5 - Pocatello 6
Thursday, March 30th, 2017 - OOTP Baseball 17.12 Build 75